Map: [TLMC15] Glittering Ashes

Players

Rogue - Winner!

  • Race: Zerg Zerg

Scarlett

  • Race: Zerg Zerg

Event: DreamHack SC2 Masters 2021 Winter

VOD

Have the link to the VOD?

Description

Time

  • Played on: Nov. 14, 2021, 9:41 a.m.
  • Length: 5:19

All games in this series

Show
View Real Time Build Order
Export as new Build Order

Rogue Zerg - Winner!

Build Orders: Hatch First 

Get SALT Encoding   

  12  0:00  Drone  
  13  0:12  Overlord  
  13  0:17  Drone  
  14  0:30  Drone x2  
  16  0:47  Hatchery  
  15  0:50  Drone  
  15  0:54  Drone  
  17  0:57  Drone  
  18  1:09  Extractor  
  17  1:14  Spawning Pool  
  17  1:15  Drone  
  17  1:18  Drone  
  18  1:28  Drone  
  19  1:46  Drone  
  20  1:49  Drone  
  21  2:00  Queen x2  
  21  2:01  Zergling x2  
  26  2:02  Overlord  
  26  2:11  Drone x2  
  26  2:14  Metabolic Boost  
  28  2:22  Drone x2  
  30  2:32  Drone x2  
  32  2:38  Hatchery  
  31  2:46  Drone x2  
  31  2:51  Baneling Nest  
  32  2:53  Overlord  
  32  2:55  Zergling x2  
  33  3:03  Zergling x2  
  34  3:11  Zergling x6  
  37  3:15  Roach Warren  
  37  3:17  Drone x2  
  37  3:18  Drone  
  39  3:21  Overlord  
  39  3:34  Baneling x2  
  39  3:36  Overlord  
  39  3:46  Zergling x2  
  40  3:55  Roach x3  
  45  3:59  Roach x4  
  52  4:05  Zergling x8, Roach  
  58  4:14  Zergling x2  
  58  4:15  Zergling x4  
  61  4:18  Overlord  
  61  4:19  Zergling x6  
  64  4:28  Zergling x2  
  64  4:29  Zergling x2  
  66  4:33  Overlord  
  66  4:38  Zergling x2  
  66  4:39  Baneling  
  66  4:40  Baneling x2  
  66  4:41  Zergling x2  
  66  4:42  Zergling x6  
  67  4:46  Zergling x2  
  66  4:53  Zergling x4  
  66  4:54  Baneling  
  66  4:55  Baneling, Zergling x2  
  66  4:56  Zergling x6  
  66  4:59  Zergling x4  
Show
View Real Time Build Order
Export as new Build Order

Scarlett Zerg 

Build Orders: Hatch First 

Get SALT Encoding   

  12  0:00  Drone  
  13  0:12  Overlord  
  13  0:17  Drone  
  14  0:31  Drone x2  
  16  0:47  Hatchery  
  15  0:51  Drone  
  15  0:55  Drone  
  17  0:58  Drone  
  18  1:08  Extractor  
  17  1:13  Spawning Pool  
  17  1:16  Drone  
  17  1:20  Drone  
  18  1:29  Drone  
  19  1:39  Drone  
  20  2:00  Queen x2  
  20  2:01  Zergling x2, Overlord  
  25  2:10  Drone x2  
  25  2:11  Metabolic Boost  
  27  2:17  Drone  
  29  2:22  Drone  
  29  2:23  Drone  
  30  2:37  Hatchery  
  30  2:42  Queen  
  31  2:47  Overlord  
  32  2:51  Drone  
  32  2:56  Baneling Nest  
  31  2:58  Zergling x2  
  31  3:03  Drone x2  
  34  3:07  Zergling x2  
  34  3:12  Drone x3  
  38  3:17  Drone  
  39  3:22  Drone  
  39  3:25  Zergling x2  
  39  3:26  Zergling x4  
  42  3:36  Zergling x4  
  42  3:39  Baneling x4  
  44  3:44  Baneling, Overlord  
  44  3:45  Baneling x2  
  44  3:51  Drone x6  
  48  4:05  Drone x6  
  54  4:16  Zergling x2  
  54  4:17  Zergling x4  
  57  4:22  Drone  
  57  4:23  Overlord  
  58  4:28  Extractor  
  58  4:29  Extractor, Overlord  
  55  4:34  Drone x2  
  55  4:35  Drone  
  57  4:43  Zergling x12  
  62  4:48  Zergling x2  
  62  4:49  Zergling x8  
  62  4:50  Roach Warren  
  66  4:57  Zergling x2  
  66  4:58  Zergling x4  
  67  5:02  Zergling x4  

Tags
 
Add a new tag
Caveats
  • Supply blocks, unpowered buildings, or Contaminate may cause inaccurate times.
  • Supply counts are checked every 10 seconds.